 Dungeon Crawl Stone Soup version 0.29.1-1-gd02db6906a (webtiles) character file.

Game seed: 10521272123124559272

319 porpoise the Chopper (level 6, 0/51 HPs)
             Began as a Formicid Abyssal Knight on Oct 18, 2022.
             Was a Priest of Lugonu.
             Splashed by a jelly's acid (10 damage)
             ... on level 4 of the Dungeon.
             The game lasted 00:09:16 (4118 turns).

porpoise the Chopper (Formicid Abyssal Knight)      Turns: 4118, Time: 00:09:17

Health: 0/51       AC: -2    Str: 20    XL:     6   Next: 74%
Magic:  8/8        EV: 10    Int: 15    God:    Lugonu [***...]
Gold:   179        SH:  0    Dex: 12    Spells: 5/5 levels left

rFire   . . .      SeeInvis +   a - +1 hand axe
rCold   + . .      Faith    .   (no shield)
rNeg    . . .      Spirit   .   n - +0 ring mail
rPois   .          Reflect  .   (helmet unavailable)
rElec   .          Harm     .   (no cloak)
rCorr   .          Rampage  .   (no gloves)
Will    .....                   (no boots)
Stlth   +.........              (no amulet)
HPRegen 0.17/turn               f - +6 ring of intelligence
MPRegen 0.11/turn               (no ring)

@: corroded
A: permanent stasis, dig shafts and tunnels, antennae 3, four strong arms,
clumsy 1, cold resistance 1
a: Dig, Shaft Self, Renounce Religion, Depart the Abyss, Bend Space, Banish


You were on level 4 of the Dungeon.
You worshipped Lugonu.
Lugonu was most pleased with you.
You visited 1 branch of the dungeon, and saw 4 of its levels.
You visited the Abyss 1 time.

You collected 179 gold pieces.

Inventory:

Hand Weapons
 a - a +1 hand axe (weapon)
 q - a +0 sling
Missiles
 j - 4 poisoned darts (quivered)
Armour
 l - an orb of guile
 n - a +0 ring mail (worn)
Magical Staves
 g - a staff of death
 m - a staff of air
Jewellery
 f - a +6 ring of intelligence (left hand)
Scrolls
 c - a scroll of blinking {unknown}
 d - a scroll of identify
 e - 2 scrolls of teleportation
 k - a scroll of noise {unknown}
 o - a scroll of vulnerability
 p - a scroll of butterflies {unknown}
Potions
 b - a potion of lignification
 h - 3 potions of heal wounds
 i - 5 potions of curing


   Skills:
 + Level 5.0 Fighting
 * Level 5.3 Axes
 - Level 2.1 Armour
 - Level 0.8 Dodging
 + Level 3.1 Invocations


You had 5 spell levels left.
You didn't know any spells.
Your spell library contained the following spells:

 Spells                   Type           Power      Damage    Failure   Level
 Beastly Appendage        Tmut           0%         N/A       41%         1
 Slow                     Hex            0%         N/A       41%         1
 Ensorcelled Hibernation  Hex/Ice        0%         N/A       56%         2
 Passwall                 Tmut/Erth      0%         N/A       56%         2
 Wereblood                Tmut           0%         N/A       56%         2
 Confusing Touch          Hex            0%         N/A       80%         3
 Spider Form              Tmut/Pois      0%         N/A       80%         3
 Vampiric Draining        Necr           0%         2d6       80%         3
 Borgnjor's Revivificati  Necr           0%         N/A       100%        8
 Necromutation            Tmut/Necr      0%         N/A       100%        8
 Death's Door             Necr           0%         N/A       100%        9
 Swiftness                Air            Unusable   N/A       N/A         3

Dungeon Overview and Level Annotations

Branches:
Dungeon (4/15)             Temple (0/1) D:4

Altars:

Shops:
D:1 =

Annotations:
D:2 exclusion: upstairs


Innate Abilities, Weirdness & Mutations

You cannot be hasted, slowed, berserked, paralysed or teleported.
You can dig through walls and to a lower floor.
You have a pair of large antennae on your head. (SInv)
Your four strong arms can wield two-handed weapons with a shield.
You are clumsy. (Dex -2)
Your flesh is cold resistant. (rC+)


Message History

A dart slug comes into view.
Things that are here:
a +0 club; a +0 dagger; a goblin corpse You hit the dart slug.
The dart slug is moderately wounded.
You hit the dart slug.
The dart slug is heavily wounded.
The dart slug barely misses you.
You slash the dart slug!
You kill the dart slug!
Lugonu accepts your kill.
Things that are here:
a +0 club; a +0 dagger; a goblin corpse You start resting.
You hear a distant slurping noise.
HP restored.
Found a staircase to the Ecumenical Temple.
Found a sling and 10 gold pieces.
You now have 179 gold pieces (gained 10).
A jelly comes into view.
The jelly quivers.
Found a falchion.
You see here a +0 sling.
q - a +0 sling You hit the jelly but do no damage.
The acid corrodes you!
Your hands burn!
The jelly hits you.
You are splashed with acid!
You slash the jelly! The acid corrodes you!
Your hands burn!
The jelly is moderately wounded.
The jelly barely misses you.
You hit the jelly but do no damage.
Your hands burn!
The jelly is moderately wounded.
The jelly hits you.
You are splashed with acid!
You are too injured to fight recklessly!
You hit the jelly but do no damage.
Your hands burn!
* * * LOW HITPOINT WARNING * * *
The jelly is moderately wounded.
The jelly hits you.
* * * LOW HITPOINT WARNING * * *
You are splashed with acid!
You die...

#.# ###. )# #.#####....
..#####..........
#........##...#..
........#..#.#...
####.....#.#....#..
#........#..#....##.
#.###.....J....>.... #.#
#....#@.##....#. #.#
###..#.#..#....#
#######.#####..#....#.#..#
#.............)#...#...##.
#.#####.######.#..........
..# #.....).......##.##.
### ########.####># .# #
#... ... . # ##### #### #
####


You could see a jelly.

Vanquished Creatures
  Eustachio (D:4)
  An orc priest (D:2)
  An orc wizard (D:2)
  6 adders
  A worm (D:3)
  3 dart slugs
  4 orcs
  6 endoplasms
  2 giant cockroaches
  3 goblins
  4 hobgoblins
  5 jackals (D:2)
  7 kobolds
  4 quokkas
  4 ball pythons
  4 bats
  5 frilled lizards
  6 rats
67 creatures vanquished.

Notes
Turn   | Place    | Note
-------+----------+-------------------------------------------
     0 | Abyss:1  | porpoise the Formicid Abyssal Knight began the quest for
                  | the Orb.
     0 | Abyss:1  | Reached XP level 1. HP: 18/18 MP: 2/2
     1 | D:1      | Escaped the Abyss
   142 | D:1      | Reached XP level 2. HP: 24/24 MP: 3/3
   190 | D:1      | Found Loromuaff's Jewellery Shoppe.
   609 | D:1      | Reached XP level 3. HP: 30/30 MP: 4/4
  1201 | D:2      | Gained mutation: You are clumsy. (Dex -2) [potion of
                  | mutation]
  1201 | D:2      | Gained mutation: Your flesh is cold resistant. (rC+)
                  | [potion of mutation]
  1207 | D:2      | Reached XP level 4. HP: 16/37 MP: 5/5
  1219 | D:2      | Reached *** piety under Lugonu
  1230 | D:2      | Reached XP level 5. HP: 9/42 MP: 6/6
  2342 | D:2      | Found a faded altar of an unknown god.
  3753 | D:4      | Noticed Eustachio
  3784 | D:4      | Killed Eustachio
  3785 | D:4      | Reached skill level 5 in Fighting
  3785 | D:4      | Reached skill level 5 in Axes
  3785 | D:4      | Reached XP level 6. HP: 16/51 MP: 6/8
  4093 | D:4      | Found a staircase to the Ecumenical Temple.
  4118 | D:4      | Splashed by a jelly's acid

Illustrated notes

Levels and vault maps discovered:
D:1:      elethiomel_arrival_shortcut, layout_loops_ring, serial_shops,
          nicolae_square_shop, kennysheep_crisscross
D:2:      minmay_recursive_quarters, layout_loops_corners,
          dreamdust_ecumenical_altar_angels_and_demons
D:3:      layout_basic, nicolae_underground_beach
D:4:      layout_basic, minmay_temple_entry_mini_moons,
          minmay_misc_feat_columns, uniq_pikel, uniq_eustachio, uniq_natasha

Skill      XL: |  1  2  3  4  5 |
---------------+----------------+-----
Axes           | 3 4 5 |  5.3
Fighting       | 4 5 |  5.0
Invocations    | 3 |  3.1
Armour         | |  2.1
Dodging        | |  0.8

Action                   |  1- 3 |  4- 6 || total
-------------------------+-------+-------++-------
Melee: Hand axe          |    70 |   150 ||   220
       Punch             |       |     3 ||     3
Throw: Dart              |       |     8 ||     8
  Use: Potion            |     4 |     1 ||     5
       Scroll            |       |     4 ||     4
Armor: Leather armour    |     9 |       ||     9
       Ring mail         |     6 |    30 ||    36
       Skin              |     2 |    20 ||    22
Dodge: Dodged            |    37 |    50 ||    87
